[Event "January 9 Early 2024"]
[Site "https://www.chess.com"]
[Date "2024.01.11"]
[Round "5"]
[White "Rosenberg, Evan S"]
[Black "Mendez Fortes, Eduardo Jesus"]
[Result "1-0"]
[Board "90"]
[TimeControl "180+1"]
[WhiteFideId "2019299"]
[BlackFideId "3502376"]
[WhiteElo "2396"]
[BlackElo "2536"]
[WhiteTeam "USA"]
[BlackTeam "CUB"]
[WhiteClock "0:00:42"]
[BlackClock "0:00:30"]

1. d4 Nf6 2. Nf3 d5 3. c3 c5 4. dxc5 e6 5. Be3 a5 6. c4 Nbd7 7. Nc3 dxc4 8. g3 Be7 9. Bg2 O-O 10. O-O Bxc5 11. Bxc5 Nxc5 12. Ne5 Rb8 13. Nxc4 Qc7 14. Qd6 Qxd6 15. Nxd6 b6 16. Rac1 Ba6 17. Rfd1 e5 18. Bf1 Rfd8 19. f3 g6 20. e4 Bxf1 21. Kxf1 Ne6 22. Ncb5 Nd7 23. Ke2 Ndc5 24. Ke3 Rd7 25. Nc4 Rdb7 26. Nxe5 f5 27. exf5 gxf5 28. Rd6 Re8 29. f4 Ne4 30. Rcc6 Rbe7 31. Rxb6 Nxd6 32. Nxd6 Rd8 33. Nxf5 Ree8 34. Nd6 Re7 35. Nc6 Rxd6 36. Nxe7+ Kf7 37. Rxd6 Kxe7 38. Rxe6+ Kxe6 39. b3 1-0

[Event "January 9 Early 2024"]
[Site "https://www.chess.com"]
[Date "2024.01.11"]
[Round "5"]
[White "Bryakin, Mikhail"]
[Black "Lopusiewicz, Piotr"]
[Result "1-0"]
[Board "91"]
[TimeControl "180+1"]
[WhiteFideId "4165314"]
[BlackFideId "1116029"]
[WhiteElo "2838"]
[BlackElo "2472"]
[WhiteTeam "SRB"]
[BlackTeam "POL"]
[WhiteClock "0:00:59"]
[BlackClock "0:00:15"]

1. Nf3 Nf6 2. b3 d5 3. Bb2 Bf5 4. d3 h6 5. Nbd2 e6 6. g3 Bd6 7. Bg2 Bh7 8. a3 Nbd7 9. O-O O-O 10. c4 c6 11. Qc2 a5 12. Bc3 Qe7 13. Qb2 e5 14. d4 e4 15. Ne5 Rfe8 16. Nxd7 Qxd7 17. e3 Bf5 18. Rfe1 Bh3 19. Bh1 Ng4 20. Nf1 Re6 21. f4 exf3 22. Bxf3 Rae8 23. Qd2 Qe7 24. cxd5 cxd5 25. Bxd5 Rf6 26. e4 Rf2 27. Re2 Rxe2 28. Qxe2 h5 29. e5 Bb8 30. Bg2 Bxg2 31. Qxg2 Ba7 32. Kh1 Rc8 33. Bb2 Qe6 34. h3 Qxb3 35. hxg4 Rc2 36. Qe4 Qxb2 37. Re1 Bxd4 38. e6 fxe6 39. Qxe6+ Kh7 40. Qf5+ 1-0

[Event "January 9 Early 2024"]
[Site "https://www.chess.com"]
[Date "2024.01.11"]
[Round "5"]
[White "Beerdsen, Thomas"]
[Black "Svane, Frederik"]
[Result "0-1"]
[Board "92"]
[TimeControl "180+1"]
[WhiteFideId "1030108"]
[BlackFideId "12923044"]
[WhiteElo "2852"]
[BlackElo "3005"]
[WhiteTeam "NED"]
[BlackTeam "GER"]
[WhiteClock "0:01:19"]
[BlackClock "0:00:09"]

1. e4 e6 2. d4 d5 3. Nc3 Nf6 4. Bg5 dxe4 5. Nxe4 Nbd7 6. Nf3 h6 7. Bxf6 Nxf6 8. Nxf6+ Qxf6 9. Bd3 Bd6 10. Qe2 O-O 11. O-O-O c5 12. dxc5 Bxc5 13. Kb1 Rd8 14. h4 Bd7 15. Ne5 Bc6 16. Nxc6 bxc6 17. Qe4 Rab8 18. c3 Qxc3 19. Qh7+ Kf8 20. Qh8+ Ke7 21. Qxd8+ Kxd8 22. Bb5+ Qd4 23. Rxd4+ Bxd4 24. Bxc6 Rxb2+ 25. Kc1 Rxa2 26. Rh3 Rxf2 27. Rb3 Kc7 28. Bf3 Bb6 29. Rc3+ Kd7 30. Rd3+ Ke7 31. g4 g5 32. hxg5 hxg5 33. Rb3 f5 34. Kd1 Kf6 35. Ke1 Rh2 36. Be2 Rh8 37. Rb5 Rd8 38. Kf1 Rd4 39. Kg2 f4 40. Kf3 e5 41. Kg2 Rd2 42. Kh3 e4 43. Rf5+ Kg6 44. Re5 f3 45. Bc4 Rh2+ 46. Kg3 Bc7 47. Bf7+ Kf6 48. Bh5 Bxe5# 0-1

[Event "January 9 Early 2024"]
[Site "https://www.chess.com"]
[Date "2024.01.11"]
[Round "5"]
[White "Terziev, Dimo"]
[Black "Rees, Ioan"]
[Result "0-1"]
[Board "93"]
[TimeControl "180+1"]
[WhiteFideId "2925397"]
[BlackFideId "1801236"]
[WhiteElo "2156"]
[BlackElo "2395"]
[WhiteTeam "BUL"]
[BlackTeam "WLS"]
[WhiteClock "0:00:02"]
[BlackClock "0:01:18"]

1. e4 c6 2. d4 d5 3. exd5 cxd5 4. Bd3 Nc6 5. c3 Qc7 6. Ne2 e5 7. dxe5 Nxe5 8. Bf4 Bd6 9. Bg3 Nf6 10. O-O O-O 11. Nd4 a6 12. Nf5 Bxf5 13. Bxf5 Ne4 14. Nd2 Nxg3 15. hxg3 Rad8 16. Nf3 g6 17. Bd3 Bc5 18. Re1 Nxd3 19. Qxd3 Qxg3 20. Re2 Rfe8 21. Rae1 Rxe2 22. Rxe2 Qf4 23. Nd4 Bxd4 24. Qxd4 Qxd4 25. cxd4 Kf8 26. Rc2 Ke7 27. Rc7+ Rd7 28. Rc8 Kd6 29. f3 h5 30. Kf2 Rc7 31. Rd8+ Ke7 32. Rxd5 Rc2+ 33. Kg3 Rxb2 34. a4 b5 35. axb5 axb5 36. Rc5 b4 37. Rb5 b3 38. d5 Rb1 39. Kh2 b2 40. Kg3 Kd6 41. Kh2 h4 0-1

[Event "January 9 Early 2024"]
[Site "https://www.chess.com"]
[Date "2024.01.11"]
[Round "5"]
[White "Kleiman, Jake"]
[Black "Guerrero Olmos, Sergio"]
[Result "1-0"]
[Board "94"]
[TimeControl "180+1"]
[WhiteFideId "2020041"]
[BlackFideId "2257238"]
[WhiteElo "2637"]
[BlackElo "2456"]
[WhiteTeam "USA"]
[BlackTeam "ESP"]
[WhiteClock "0:00:59"]
[BlackClock "0:00:23"]

1. e4 e5 2. Nf3 d6 3. Bc4 Nd7 4. d4 c6 5. O-O Be7 6. a4 Ngf6 7. Nc3 O-O 8. Re1 Qc7 9. h3 h6 10. Ba2 Re8 11. dxe5 dxe5 12. Nh4 Nc5 13. Nf5 Bf8 14. Qf3 Be6 15. Nxh6+ gxh6 16. Qxf6 Bxa2 17. Rxa2 Re6 18. Qf5 Rd8 19. Be3 Rg6 20. Raa1 Ne6 21. Ne2 Bg7 22. c3 Rd3 23. Rad1 Qd7 24. Rxd3 Qxd3 25. Ng3 Qc2 26. Re2 Qxa4 27. Qf3 Nf4 28. Rd2 Ne6 29. Nf5 Bf8 30. Kh2 Bc5 31. Bxc5 Nxc5 32. Ne7+ Kg7 33. Nxg6 Nxe4 34. Nxe5 Nxd2 35. Qxf7+ 1-0

[Event "January 9 Early 2024"]
[Site "https://www.chess.com"]
[Date "2024.01.11"]
[Round "5"]
[White "Toktomushev, Teimur"]
[Black "Papasimakopoulos, Alexandros"]
[Result "0-1"]
[Board "95"]
[TimeControl "180+1"]
[WhiteFideId "14176726"]
[BlackFideId "4244125"]
[WhiteElo "2484"]
[BlackElo "2653"]
[WhiteTeam "UKR"]
[BlackTeam "GRE"]
[WhiteClock "0:00:02"]
[BlackClock "0:01:15"]

1. d4 d5 2. c4 e6 3. Nc3 a6 4. cxd5 exd5 5. Nf3 c6 6. Bf4 Bd6 7. Ne5 f6 8. Nd3 Ne7 9. g3 Bf5 10. Bg2 Bxd3 11. Qxd3 Bxf4 12. gxf4 Qd6 13. e3 f5 14. O-O-O Nd7 15. Kb1 Nf6 16. Ne2 Ne4 17. Rhf1 O-O-O 18. Ng1 h6 19. Nf3 g5 20. fxg5 hxg5 21. h3 Ng6 22. Nd2 Qh2 23. Bxe4 fxe4 24. Qe2 Qxh3 25. f3 exf3 26. Nxf3 Qf5+ 27. Ka1 Rhg8 28. Ne5 Qe6 29. Nd3 Rde8 30. Rde1 Nf4 31. exf4 Qxe2 32. Rxe2 Rxe2 33. fxg5 Rd2 34. Nc5 Rxd4 35. a3 Rc4 36. b4 a5 37. Rf7 axb4 38. Nxb7 Rg6 39. axb4 Rxb4 40. Nc5 Rb5 41. Nd3 Rxg5 42. Nf4 Rg4 43. Rf8+ Kb7 44. Ne6 Ra4# 0-1

[Event "January 9 Early 2024"]
[Site "https://www.chess.com"]
[Date "2024.01.11"]
[Round "5"]
[White "Bueno, Alfeu Junior Varela"]
[Black "Shubenkova, Veronika"]
[Result "0-1"]
[Board "96"]
[TimeControl "180+1"]
[WhiteFideId "2108879"]
[BlackFideId "44124040"]
[WhiteElo "2409"]
[BlackElo "2583"]
[WhiteTeam "BRA"]
[BlackTeam "RUS"]
[WhiteClock "0:00:01"]
[BlackClock "0:01:03"]

1. e4 e6 2. d4 d5 3. Nd2 Nf6 4. Bd3 Be7 5. e5 Nfd7 6. f4 c5 7. c3 Nc6 8. Ne2 f6 9. O-O Qb6 10. Nf3 cxd4 11. cxd4 fxe5 12. fxe5 Ncxe5 13. Bb1 Nxf3+ 14. Rxf3 Nf6 15. Rh3 e5 16. Bg6+ Kd8 17. Rb3 Qe6 18. dxe5 hxg6 19. exf6 Bc5+ 20. Kh1 gxf6 21. Nf4 Qd6 22. Rd3 d4 23. b4 Bb6 24. Bb2 Bf5 25. Rf3 g5 26. Nh3 Bg4 27. Rxf6 Qxf6 28. Qxg4 Rc8 29. Rd1 Rc4 30. Qe2 Qc6 31. Nxg5 Re8 32. Nf7+ Kc8 33. Ne5 Rc2 34. Qg4+ Qe6 35. Qe4 Rxb2 0-1

[Event "January 9 Early 2024"]
[Site "https://www.chess.com"]
[Date "2024.01.11"]
[Round "5"]
[White "Khumalo, Keith"]
[Black "Dinu, Dumitru-Daniel"]
[Result "1-0"]
[Board "97"]
[TimeControl "180+1"]
[WhiteFideId "14319470"]
[BlackFideId "1208403"]
[WhiteElo "2689"]
[BlackElo "2500"]
[WhiteTeam "RSA"]
[BlackTeam "ROU"]
[WhiteClock "0:01:00"]
[BlackClock "0:00:04"]

1. d4 Nf6 2. Nc3 d5 3. Bf4 a6 4. e3 e6 5. Nf3 b5 6. Ne5 c5 7. g4 Nfd7 8. Bg2 Nxe5 9. Bxe5 Nc6 10. Bg3 Bd6 11. dxc5 Bxc5 12. Qd2 Bb7 13. O-O-O Rc8 14. Kb1 Na5 15. Ne2 Nc4 16. Qd3 O-O 17. h4 Qa5 18. Nd4 Bxd4 19. exd4 Qb4 20. Qc3 Qxc3 21. bxc3 Bc6 22. Bf1 Bd7 23. g5 Rc6 24. f4 Rfc8 25. Be1 a5 26. h5 b4 27. cxb4 Na3+ 28. Kb2 Nxc2 29. b5 R6c7 30. Bxa5 Ra7 31. Bd2 Rca8 32. Kxc2 Rxa2+ 33. Kb3 R8a3+ 34. Kb4 Ra4+ 35. Kc5 Rc4+ 36. Bxc4 1-0

[Event "January 9 Early 2024"]
[Site "https://www.chess.com"]
[Date "2024.01.11"]
[Round "5"]
[White "Biriukov, Ilja"]
[Black "Buchenau, Frank"]
[Result "1-0"]
[Board "98"]
[TimeControl "180+1"]
[WhiteFideId "4113373"]
[BlackFideId "4604350"]
[WhiteElo "2260"]
[BlackElo "2397"]
[WhiteTeam "RUS"]
[BlackTeam "GER"]
[WhiteClock "0:00:28"]
[BlackClock "0:00:11"]

1. d4 e6 2. Nc3 Nf6 3. Bf4 d5 4. Qd2 Bb4 5. f3 O-O 6. a3 Ba5 7. O-O-O Nbd7 8. g4 c5 9. e3 a6 10. dxc5 e5 11. Bg5 h6 12. Bxf6 Nxf6 13. b4 Bc7 14. Nxd5 Nxd5 15. Qxd5 Qg5 16. Qe4 f5 17. h4 Qe7 18. Bc4+ Kh8 19. gxf5 Bxf5 20. Qxb7 a5 21. e4 Bg6 22. Qc6 Kh7 23. Rd7 Be8 24. Rxe7 Bxc6 25. Rxc7 Ba4 26. b5 1-0

[Event "January 9 Early 2024"]
[Site "https://www.chess.com"]
[Date "2024.01.11"]
[Round "5"]
[White "Lu, Shanglei"]
[Black "Nepomniachtchi, Ian"]
[Result "1-0"]
[Board "99"]
[TimeControl "180+1"]
[WhiteFideId "8603332"]
[BlackFideId "4168119"]
[WhiteElo "3023"]
[BlackElo "3120"]
[WhiteTeam "CHN"]
[BlackTeam "RUS"]
[WhiteClock "0:00:28"]
[BlackClock "0:00:20"]

1. e4 c5 2. Nf3 d6 3. d4 cxd4 4. Nxd4 Nf6 5. f3 e5 6. Nb3 a5 7. a4 Be7 8. Nc3 O-O 9. Be3 Nc6 10. Qd2 Be6 11. O-O-O Nb4 12. Kb1 d5 13. exd5 Nfxd5 14. Bc4 Nxc3+ 15. Qxc3 Qc8 16. Bb5 Bf5 17. Rd2 Qe6 18. Bd7 Qg6 19. Bxf5 Qxf5 20. Qc7 Rac8 21. Qxe7 Nxc2 22. Bc5 Rfe8 23. Qd7 Qg6 24. Rxc2 b6 25. Qg4 Qf6 26. Be7 1-0

[Event "January 9 Early 2024"]
[Site "https://www.chess.com"]
[Date "2024.01.11"]
[Round "5"]
[White "Zemlyanskii, Ivan"]
[Black "Kuzubov, Yuriy"]
[Result "0-1"]
[Board "100"]
[TimeControl "180+1"]
[WhiteFideId "24249971"]
[BlackFideId "14112906"]
[WhiteElo "2987"]
[BlackElo "2874"]
[WhiteTeam "RUS"]
[BlackTeam "UKR"]
[WhiteClock "0:00:01"]
[BlackClock "0:00:29"]

1. d4 Nf6 2. c4 e6 3. Bf4 b6 4. Nc3 Bb4 5. Qc2 Bb7 6. e3 O-O 7. Ne2 d5 8. a3 Bd6 9. cxd5 exd5 10. Bxd6 Qxd6 11. Rc1 c5 12. dxc5 bxc5 13. Nb5 Qd7 14. Qxc5 Rc8 15. Qb4 Na6 16. Qa5 Nc5 17. Nf4 g5 18. Nd4 gxf4 19. Rxc5 fxe3 20. fxe3 Qe7 21. Rxc8+ Rxc8 22. Qd2 Ne4 23. Qd1 Qg5 24. Be2 Qxe3 25. Rf1 Rc1 0-1

[Event "January 9 Early 2024"]
[Site "https://www.chess.com"]
[Date "2024.01.11"]
[Round "5"]
[White "Matlakov, Maxim"]
[Black "Carow, Johannes"]
[Result "1-0"]
[Board "101"]
[TimeControl "180+1"]
[WhiteFideId "4168003"]
[BlackFideId "24692050"]
[WhiteElo "2939"]
[BlackElo "2709"]
[WhiteTeam "RUS"]
[BlackTeam "GER"]
[WhiteClock "0:00:47"]
[BlackClock "0:00:10"]

1. Nf3 c5 2. b3 d6 3. e3 e5 4. Bb5+ Nd7 5. Bb2 f5 6. d4 cxd4 7. exd4 e4 8. Nfd2 d5 9. c4 Nf6 10. Nc3 a6 11. Bxd7+ Qxd7 12. Qe2 Bb4 13. O-O O-O 14. Rac1 b6 15. Na4 Rb8 16. c5 f4 17. Nxb6 f3 18. Nxf3 exf3 19. Qxf3 Qg4 20. Qxg4 Bxg4 21. f3 Bf5 22. Bc3 Bxc3 23. Rxc3 Rfe8 24. Kf2 Nd7 25. Nxd5 Be6 26. Nc7 Re7 27. Re1 Nf8 28. Nxa6 Ra8 29. Nb4 Rb7 30. d5 Rxb4 31. dxe6 Re8 32. c6 Ng6 33. c7 Rc8 34. Rd1 1-0

[Event "January 9 Early 2024"]
[Site "https://www.chess.com"]
[Date "2024.01.11"]
[Round "5"]
[White "Bournel, Antoine"]
[Black "Korol, Dimitry"]
[Result "0-1"]
[Board "102"]
[TimeControl "180+1"]
[WhiteFideId "26093553"]
[BlackFideId "14108003"]
[WhiteElo "2540"]
[BlackElo "2351"]
[WhiteTeam "FRA"]
[BlackTeam "UKR"]
[WhiteClock "0:00:14"]
[BlackClock "0:00:12"]

1. d4 Nf6 2. Nf3 g6 3. b4 a5 4. b5 c6 5. e3 Bg7 6. a4 O-O 7. Be2 d5 8. c4 Ne4 9. O-O Nd7 10. Bb2 Ndf6 11. Ne5 Nd7 12. bxc6 Nxe5 13. cxb7 Bxb7 14. dxe5 Qc7 15. cxd5 Bxe5 16. Bxe5 Qxe5 17. Na3 Bxd5 18. Bc4 Rfd8 19. Bxd5 Rxd5 20. Qc2 Rad8 21. Nc4 Qe6 22. Rac1 h5 23. h3 Rc5 24. Qc3 Nxc3 0-1

[Event "January 9 Early 2024"]
[Site "https://www.chess.com"]
[Date "2024.01.11"]
[Round "5"]
[White "Recuero Guerra, Javier"]
[Black "Martinez Pla, Xavier"]
[Result "0-1"]
[Board "103"]
[TimeControl "180+1"]
[WhiteFideId "2254085"]
[BlackFideId "32074271"]
[WhiteElo "2295"]
[BlackElo "2462"]
[WhiteTeam "ESP"]
[BlackTeam "ESP"]
[WhiteClock "0:00:09"]
[BlackClock "0:00:57"]

1. Nf3 Nf6 2. c4 c5 3. g3 b6 4. Bg2 Bb7 5. O-O e6 6. Nc3 Be7 7. d4 cxd4 8. Nxd4 Bxg2 9. Kxg2 d6 10. e4 O-O 11. Qe2 a6 12. Rd1 Qc7 13. b3 Nbd7 14. Bb2 Rac8 15. Rac1 Qb7 16. f3 Rc7 17. Na4 Rfc8 18. Rc2 b5 19. cxb5 Rxc2 20. Nxc2 axb5 21. Nc3 b4 22. Na4 d5 23. e5 Ne8 24. Nd4 Nc5 25. Nxc5 Rxc5 26. f4 Nc7 27. f5 exf5 28. Nxf5 Bf8 29. e6 Nxe6 30. Qg4 Rc2+ 31. Kh3 Rxb2 32. Rxd5 Nf4+ 33. gxf4 Qxd5 34. Qg5 Qe6 35. Kg3 h6 36. Qg4 Rxa2 37. h4 Qe1+ 0-1

[Event "January 9 Early 2024"]
[Site "https://www.chess.com"]
[Date "2024.01.11"]
[Round "5"]
[White "Aronian, Levon"]
[Black "Ter-Sahakyan, Samvel"]
[Result "1-0"]
[Board "104"]
[TimeControl "180+1"]
[WhiteFideId "13300474"]
[BlackFideId "13302531"]
[WhiteElo "3094"]
[BlackElo "2915"]
[WhiteTeam "USA"]
[BlackTeam "ARM"]
[WhiteClock "0:01:18"]
[BlackClock "0:00:14"]

1. e4 c5 2. Nf3 d6 3. c3 Nf6 4. Be2 g6 5. O-O Bg7 6. d3 O-O 7. Be3 Nc6 8. Nbd2 e5 9. a3 Re8 10. b4 b6 11. b5 Nb8 12. c4 Ng4 13. Bg5 Bf6 14. Bxf6 Qxf6 15. h3 Nh6 16. Nb1 Be6 17. Nc3 Nd7 18. Nd5 Bxd5 19. cxd5 Qe7 20. Qc1 Kg7 21. a4 f5 22. a5 Nf7 23. Ra4 a6 24. Qb2 axb5 25. Qxb5 bxa5 26. Rxa5 Reb8 27. Qa4 Rxa5 28. Qxa5 Nf6 29. Nd2 Ng5 30. h4 Nf7 31. Ra1 h5 32. Qc3 Ng4 33. g3 f4 34. Nc4 fxg3 35. fxg3 Nfh6 36. Rf1 Rf8 37. Qc1 Rxf1+ 38. Qxf1 Qd8 39. Qe1 Nf6 40. Qb1 Qc7 41. Qb5 Nf7 42. Kf2 Qe7 43. Ke1 g5 44. hxg5 Nxg5 45. Qb6 Nf7 46. Kd1 Ng4 47. Bxg4 hxg4 48. Ne3 Qf6 49. Nf5+ Kg6 50. Qb8 Kh7 51. Qe8 Qg6 52. Qe7 Kg8 53. Kc2 Kh7 54. Kb3 1-0

[Event "January 9 Early 2024"]
[Site "https://www.chess.com"]
[Date "2024.01.11"]
[Round "5"]
[White "Cruz, William Ferreira Da"]
[Black "Alinasab, Mobina"]
[Result "1-0"]
[Board "105"]
[TimeControl "180+1"]
[WhiteFideId "2118050"]
[BlackFideId "12528897"]
[WhiteElo "2336"]
[BlackElo "2523"]
[WhiteTeam "BRA"]
[BlackTeam "IRI"]
[WhiteClock "0:00:09"]
[BlackClock "0:00:54"]

1. d4 Nf6 2. c4 e6 3. Nc3 Bb4 4. Nf3 b6 5. Bg5 Bb7 6. Nd2 h6 7. Bh4 Bxc3 8. bxc3 d6 9. f3 Nbd7 10. Qc2 e5 11. e4 Qe7 12. O-O-O O-O 13. g4 a6 14. Bf2 b5 15. h4 Nh7 16. g5 hxg5 17. hxg5 Nxg5 18. Bh4 f6 19. Bxg5 fxg5 20. Bh3 Nb6 21. d5 Bc8 22. Bxc8 Raxc8 23. cxb5 axb5 24. Nf1 Rxf3 25. Qh2 Qf6 26. Nd2 Rxc3+ 27. Kb2 Na4+ 28. Ka1 Qh6 29. Qg2 Qg6 30. Qh2 Kf7 31. Rdf1+ Ke7 32. Qg2 Rf8 33. Rxf8 Kxf8 34. Rh8+ Ke7 35. Qg4 Qf6 36. Qc8 Qf1+ 37. Nb1 Rc1 38. Qe8+ 1-0

[Event "January 9 Early 2024"]
[Site "https://www.chess.com"]
[Date "2024.01.11"]
[Round "5"]
[White "Horak, Martin"]
[Black "Bogumil, Tatiana"]
[Result "1-0"]
[Board "106"]
[TimeControl "180+1"]
[WhiteFideId "367095"]
[BlackFideId "4110579"]
[WhiteElo "2527"]
[BlackElo "2113"]
[WhiteTeam "CZE"]
[BlackTeam "RUS"]
[WhiteClock "0:00:23"]
[BlackClock "0:00:03"]

1. e4 c5 2. Nf3 Nc6 3. d4 cxd4 4. Nxd4 Nf6 5. Nc3 d6 6. Bg5 e5 7. Ndb5 a6 8. Bxf6 gxf6 9. Na3 Be6 10. Nc4 Nd4 11. Nd5 Bxd5 12. exd5 Bh6 13. c3 Nb5 14. Qh5 Bg7 15. Ne3 Qa5 16. Nc4 Qd8 17. Bd3 Nc7 18. Ne3 Kf8 19. O-O Ne8 20. Nf5 Qb6 21. b3 Qc5 22. c4 1-0

[Event "January 9 Early 2024"]
[Site "https://www.chess.com"]
[Date "2024.01.11"]
[Round "5"]
[White "Rasulov, Vugar"]
[Black "Kvaloy, Aksel Bu"]
[Result "1-0"]
[Board "107"]
[TimeControl "180+1"]
[WhiteFideId "13402390"]
[BlackFideId "1528815"]
[WhiteElo "2992"]
[BlackElo "2742"]
[WhiteTeam "AZE"]
[BlackTeam "NOR"]
[WhiteClock "0:00:47"]
[BlackClock "0:00:56"]

1. e4 e5 2. Nf3 Nf6 3. d3 Nc6 4. g3 d5 5. exd5 Nxd5 6. Bg2 Be7 7. O-O Be6 8. Re1 f6 9. d4 Qd6 10. c4 Ndb4 11. a3 Na6 12. d5 O-O-O 13. Nc3 Qc5 14. Qe2 Bf7 15. dxc6 Bxc4 16. cxb7+ Kb8 17. Qe3 Qxe3 18. Bxe3 Nc5 19. Bxc5 Bxc5 20. Rac1 Bb6 21. Na4 Bd5 22. Nxb6 axb6 23. Nh4 Bxg2 24. Kxg2 Rd2 25. b4 Ra2 26. Rc3 Rd8 27. Nf5 Rd7 28. g4 Kxb7 29. h3 Ka6 30. Ng3 Rdd2 31. Ne4 Rdc2 32. Rc1 Rxc1 33. Rxc1 Kb7 34. Nc3 Rxa3 35. Nb5 Rb3 36. Rxc7+ Ka6 37. Nd6 Rxb4 38. Rxg7 Rd4 39. Nf5 Rd3 40. Rf7 b5 41. Rxf6+ Ka5 42. Ne3 b4 43. Nc4+ Kb5 44. Nxe5 Rc3 45. Rf8 b3 46. Rb8+ Kc5 47. Nf3 Kc4 48. Nd2+ Kd3 49. Nxb3 Ke2 50. Nd4+ Kd1 51. Nf3 h5 52. gxh5 Ke2 53. Re8+ Kd1 54. h6 Rc6 55. Re1+ Kc2 56. Nd4+ Kd2 57. Nxc6 Kxe1 1-0

[Event "January 9 Early 2024"]
[Site "https://www.chess.com"]
[Date "2024.01.11"]
[Round "5"]
[White "Radzhabov, Rodion"]
[Black "Rustemov, Alexander"]
[Result "0-1"]
[Board "108"]
[TimeControl "180+1"]
[WhiteFideId "884715"]
[BlackFideId "4119002"]
[WhiteElo "2584"]
[BlackElo "2811"]
[WhiteTeam "RUS"]
[BlackTeam "RUS"]
[WhiteClock "0:00:02"]
[BlackClock "0:00:50"]

1. e4 e6 2. Nc3 d5 3. Qe2 d4 4. Nd1 e5 5. g3 c5 6. d3 Nc6 7. f4 Bd6 8. Nf3 Nge7 9. Nf2 f6 10. Bg2 Be6 11. O-O Qd7 12. c4 dxc3 13. bxc3 b5 14. Be3 b4 15. cxb4 Nxb4 16. fxe5 fxe5 17. Ng5 O-O 18. Qh5 h6 19. Nxe6 Qxe6 20. Bh3 Qf7 21. Qxf7+ Kxf7 22. Rfc1 Na6 23. Rab1 Rab8 24. Bd7 Rxb1 25. Rxb1 Rb8 26. Rf1 Kg6 27. Ng4 h5 28. Nf2 Nb4 29. h3 Nxa2 30. Ra1 Rb2 31. Be6 Nb4 32. Rxa7 Re2 0-1

[Event "January 9 Early 2024"]
[Site "https://www.chess.com"]
[Date "2024.01.11"]
[Round "5"]
[White "Leiva, Gianmarco"]
[Black "Valle Luis, Leo"]
[Result "1-0"]
[Board "109"]
[TimeControl "180+1"]
[WhiteFideId "3804399"]
[BlackFideId "54577187"]
[WhiteElo "2693"]
[BlackElo "2502"]
[WhiteTeam "PER"]
[BlackTeam "ESP"]
[WhiteClock "0:00:26"]
[BlackClock "0:00:03"]

1. d4 Nf6 2. Nf3 e6 3. Bf4 d5 4. e3 Bd6 5. Nbd2 O-O 6. c3 c5 7. Ne5 Qc7 8. Bd3 Nbd7 9. Ndf3 b6 10. O-O Bb7 11. Qe2 Rad8 12. Rad1 Ne4 13. Nxd7 Rxd7 14. Bxd6 Nxd6 15. Ne5 Re7 16. f4 f6 17. Ng6 hxg6 18. Bxg6 Rd8 19. Qh5 Nf7 20. Rf3 Kf8 21. Rh3 Nh6 22. g4 cxd4 23. g5 Ng8 24. cxd4 e5 25. fxe5 Re6 26. Rf1 Ke7 27. Qh8 1-0

[Event "January 9 Early 2024"]
[Site "https://www.chess.com"]
[Date "2024.01.11"]
[Round "5"]
[White "Finek, Vaclav"]
[Black "Vestby-Ellingsen, Mads"]
[Result "0-1"]
[Board "110"]
[TimeControl "180+1"]
[WhiteFideId "23718293"]
[BlackFideId "1520857"]
[WhiteElo "2817"]
[BlackElo "2635"]
[WhiteTeam "CZE"]
[BlackTeam "NOR"]
[WhiteClock "0:00:24"]
[BlackClock "0:00:28"]

1. d4 e6 2. Nf3 b6 3. g3 Bb7 4. Bg2 Nf6 5. O-O Be7 6. c4 O-O 7. Nc3 Ne4 8. Qc2 Nxc3 9. Qxc3 c5 10. Rd1 d6 11. d5 exd5 12. cxd5 Bf6 13. Qc2 Nd7 14. Bf4 Qe7 15. e4 Rfe8 16. Nd2 Ne5 17. Rac1 Ba6 18. Bxe5 Qxe5 19. b3 b5 20. a4 bxa4 21. bxa4 Rab8 22. Rb1 Qc3 23. Qxc3 Bxc3 24. Bf1 Bxf1 25. Nxf1 Kf8 26. f3 Rb4 27. Rxb4 cxb4 28. Ne3 b3 29. Kf1 Rb8 30. Ke2 Rb4 31. Rb1 b2 32. Kd3 Bf6 33. Ng4 Bd4 34. f4 Rxa4 35. e5 h5 36. Nf2 Bxf2 37. Rxb2 Bb6 0-1

[Event "January 9 Early 2024"]
[Site "https://www.chess.com"]
[Date "2024.01.11"]
[Round "5"]
[White "Goryachkina, Aleksandra"]
[Black "Parra Gomez, Adrian"]
[Result "1-0"]
[Board "111"]
[TimeControl "180+1"]
[WhiteFideId "4147103"]
[BlackFideId "3513106"]
[WhiteElo "2659"]
[BlackElo "2445"]
[WhiteTeam "FID"]
[BlackTeam "CUB"]
[WhiteClock "0:00:35"]
[BlackClock "0:00:13"]

1. e4 c5 2. Nf3 d6 3. d4 cxd4 4. Nxd4 Nf6 5. Nc3 a6 6. a4 e5 7. Nf3 Be7 8. Bc4 O-O 9. O-O Be6 10. Qe2 Nc6 11. Rd1 Rc8 12. Bxe6 fxe6 13. Be3 Kh8 14. h3 Qe8 15. a5 Qh5 16. Rd2 Rcd8 17. Bb6 Rd7 18. Rad1 h6 19. Na4 Qg6 20. Nc5 dxc5 21. Rxd7 Nxd7 22. Rxd7 Rf4 23. Rxb7 Rxe4 24. Qd3 Nb4 25. Qd7 Bf6 26. Qxe6 Kh7 27. Rb8 Qh5 28. c3 Nd3 29. Qg8+ Kg6 30. Qe8+ Kh7 31. Qxh5 Nf4 32. Qf5+ 1-0

[Event "January 9 Early 2024"]
[Site "https://www.chess.com"]
[Date "2024.01.11"]
[Round "5"]
[White "Limontaite, Simona"]
[Black "Kopczynski, Michal"]
[Result "0-1"]
[Board "112"]
[TimeControl "180+1"]
[WhiteFideId "12802506"]
[BlackFideId "1124200"]
[WhiteElo "2305"]
[BlackElo "2523"]
[WhiteTeam "LTU"]
[BlackTeam "POL"]
[WhiteClock "0:00:02"]
[BlackClock "0:00:41"]

1. d4 Nf6 2. c4 g6 3. Nc3 Bg7 4. e4 d6 5. Be2 O-O 6. Bg5 c5 7. d5 Na6 8. Nf3 Nc7 9. h3 a6 10. a4 Rb8 11. a5 b5 12. axb6 Rxb6 13. Ra2 Bd7 14. O-O Qb8 15. Qc2 Qb7 16. Re1 Rb8 17. Bc1 e5 18. Bd3 Nh5 19. Ne2 Rb3 20. Nd2 Rb6 21. Nb1 Qc8 22. Nbc3 f5 23. f4 fxe4 24. Nxe4 Ne8 25. N4c3 Bxh3 26. Bxg6 hxg6 27. Qxg6 Qg4 28. Qxg4 Bxg4 29. g3 exf4 30. gxf4 Nef6 31. Kf2 Re8 32. Rg1 Bf5 33. Be3 Ng4+ 34. Kf3 Rxe3+ 0-1

[Event "January 9 Early 2024"]
[Site "https://www.chess.com"]
[Date "2024.01.11"]
[Round "5"]
[White "Halkias, Stelios"]
[Black "Salem, A.R. Saleh"]
[Result "0-1"]
[Board "113"]
[TimeControl "180+1"]
[WhiteFideId "4201809"]
[BlackFideId "9301348"]
[WhiteElo "2727"]
[BlackElo "2979"]
[WhiteTeam "GRE"]
[BlackTeam "UAE"]
[WhiteClock "0:00:08"]
[BlackClock "0:00:34"]

1. Nf3 Nf6 2. c4 c5 3. Nc3 d5 4. cxd5 Nxd5 5. e3 e6 6. Bc4 Be7 7. O-O O-O 8. d4 Nxc3 9. bxc3 Qc7 10. Qe2 b6 11. Bd3 Bb7 12. e4 Rd8 13. Bg5 Bxg5 14. Nxg5 cxd4 15. cxd4 Nc6 16. e5 Nxd4 17. Bxh7+ Kf8 18. Qh5 Rd7 19. Bg6 Qc4 20. Rfe1 fxg6 21. Qh8+ Ke7 22. Qxg7+ Kd8 23. Qxg6 Rc8 24. Kh1 Qd5 25. f3 Kc7 26. Rad1 Kb8 27. Re4 Nxf3 0-1

[Event "January 9 Early 2024"]
[Site "https://www.chess.com"]
[Date "2024.01.11"]
[Round "5"]
[White "Zhao, Jun"]
[Black "McCoy, Owen"]
[Result "0-1"]
[Board "114"]
[TimeControl "180+1"]
[WhiteFideId "8602522"]
[BlackFideId "30924502"]
[WhiteElo "2755"]
[BlackElo "2609"]
[WhiteTeam "CHN"]
[BlackTeam "USA"]
[WhiteClock "0:01:21"]
[BlackClock "0:00:06"]

1. d4 Nf6 2. Nf3 e6 3. g3 d5 4. Bg2 Be7 5. O-O O-O 6. c3 b6 7. Re1 Bb7 8. Nbd2 Nbd7 9. a4 c5 10. a5 b5 11. a6 Bc6 12. Nb3 c4 13. Na5 Qb6 14. Bg5 Rac8 15. Ne5 Nxe5 16. dxe5 Ng4 17. Bxe7 Qxf2+ 18. Kh1 Ne3 19. Bf3 Nxd1 20. Raxd1 Rfe8 21. Bd6 Qb6 22. Nxc6 Rxc6 23. e4 Qxa6 24. exd5 exd5 25. Bxd5 h6 26. Rf1 Re6 27. Bxe6 fxe6 28. Rf8+ Kh7 29. Rdf1 Rxd6 30. exd6 Qxd6 31. R8f2 Qd5+ 32. Kg1 a5 33. Re1 b4 34. cxb4 axb4 35. Rfe2 Qd4+ 36. Kg2 e5 37. Rc1 e4 38. Rec2 b3 39. Re2 e3 40. Rc3 Qd5+ 0-1